General information
			
			
        
        - name: BNet
 
        - type: Ladder team game (AT/RT)
 
        - host: Battle.net
 
        - saver: thelaghotel
 
        
map: PhantomGrove 
        - players: 4
 
        - length: 24:59
 
        - speed: Fast
 - version: 1.22 W3XP
 - replay type:  Public
 
» download(146 KB)
Players
        team 1 (winner) 
              
              
nooobkiller (
green | 107 APM | 2661 actions | 24:57)
              
 3 Death Knight 
 2 Death Coil
 1 Unholy Aura
 4 Lich 
 2 Dark Ritual
 2 Frost Nova
 3 Crypt Lord 
 2 Impale
 1 Spiked Carapace
 
                » actions 
                
                | Assign group hotkey | 55 |  | 
| Basic commands | 257 |  | 
| Build / train | 63 |  | 
| ESC pressed | 2 |  | 
| Enter build submenu | 21 |  | 
| Enter hero's abilities submenu | 12 |  | 
| Give item / drop item | 5 |  | 
| Remove unit from queue | 2 |  | 
| Right click | 1033 |  | 
| Select / deselect | 464 |  | 
| Select group hotkey | 665 |  | 
| Use ability | 80 |  | 
                2661 total
 » units 
                
                | Acolyte | 3 |  | 
| Ghoul | 3 |  | 
| Crypt Fiend | 7 |  | 
| Obsidian Statue | 2 |  | 
| Abomination | 8 |  | 
| Frost Wyrm | 4 |  | 
                27 total
 » upgrades
                
                | Creature Attack | 1 |  | 
| Destroyer Form | 1 |  | 
| Disease Cloud | 1 |  | 
| Web | 1 |  | 
| Cannibalize | 1 |  | 
                5 total
 » buildings
                
                | Crypt | 1 |  | 
| Graveyard | 1 |  | 
| Altar of Darkness | 3 |  | 
| Ziggurat | 7 |  | 
| Tomb of Relics | 1 |  | 
| Nerubian Tower | 1 |  | 
| Halls of the Dead | 1 |  | 
| Spirit Tower | 2 |  | 
| Black Citadel | 1 |  | 
| Slaughterhouse | 2 |  | 
| Sacrificial Pit | 1 |  | 
| Boneyard | 1 |  | 
                22 total
 » build order
                00:14 Crypt
00:21 Graveyard
00:48 Altar of Darkness
01:02 Ziggurat
01:29 Tomb of Relics
02:21 Ziggurat
02:23 Nerubian Tower
03:24 Halls of the Dead
04:52 Ziggurat
05:06 Spirit Tower
06:14 Black Citadel
06:38 Slaughterhouse
07:58 Sacrificial Pit
08:31 Slaughterhouse
10:17 Boneyard
11:17 Ziggurat
13:34 Altar of Darkness
15:03 Altar of Darkness
16:55 Ziggurat
17:32 Spirit Tower
17:50 Ziggurat
18:41 Ziggurat
» items
                
                | Rod of Necromancy | 2 |  | 
| Orb of Corruption | 1 |  | 
| Scroll of Town Portal | 3 |  | 
| Potion of Healing | 2 |  | 
                8 total
  
               
              
              
» 
thelaghotel (
orange | 90 APM | 2242 actions | 24:59)
              
 5 Archmage 
 3 Summon Water Elemental
 2 Brilliance Aura
 4 Mountain King 
 2 Storm Bolt
 2 Thunder Clap
 
                » actions 
                
                | Assign group hotkey | 222 |  | 
| Basic commands | 131 |  | 
| Build / train | 78 |  | 
| ESC pressed | 3 |  | 
| Enter build submenu | 22 |  | 
| Enter hero's abilities submenu | 9 |  | 
| Give item / drop item | 1 |  | 
| Remove unit from queue | 1 |  | 
| Right click | 1075 |  | 
| Select / deselect | 451 |  | 
| Select group hotkey | 120 |  | 
| Use ability | 129 |  | 
                2242 total
 » units 
                
                | Peasant | 17 |  | 
| Footman | 9 |  | 
| Mortar Team | 9 |  | 
| Rifleman | 1 |  | 
                36 total
 » upgrades
                
                | Lumber Harvesting | 1 |  | 
| Flare | 1 |  | 
| Long Rifles | 1 |  | 
| Gunpowder | 2 |  | 
| Armor | 1 |  | 
| Fragmentation Shards | 1 |  | 
                7 total
 » buildings
                
                | Altar of Kings | 1 |  | 
| Farm | 9 |  | 
| Barracks | 1 |  | 
| Scout Tower | 6 |  | 
| Lumber Mill | 1 |  | 
| Arcane Tower | 1 |  | 
| Guard Tower | 5 |  | 
| Keep | 1 |  | 
| Arcane Vault | 1 |  | 
| Blacksmith | 1 |  | 
| Workshop | 2 |  | 
| Castle | 1 |  | 
                30 total
 » build order
                00:08 Altar of Kings
00:23 Farm
00:39 Barracks
01:03 Farm
01:32 Scout Tower
01:49 Lumber Mill
02:19 Arcane Tower
03:35 Farm
03:41 Scout Tower
04:08 Guard Tower
04:09 Keep
05:56 Scout Tower
05:58 Farm
06:44 Farm
06:45 Guard Tower
07:35 Scout Tower
07:37 Scout Tower
07:38 Scout Tower
08:14 Arcane Vault
08:22 Blacksmith
08:54 Farm
09:27 Farm
09:44 Workshop
09:49 Workshop
10:11 Farm
10:43 Guard Tower
10:46 Guard Tower
11:08 Farm
15:23 Castle
17:34 Guard Tower
» items
                
                | Ivory Tower | 6 |  | 
| Scroll of Regeneration | 3 |  | 
| Scroll of Town Portal | 5 |  | 
| Potion of Healing | 1 |  | 
                15 total
  
               team 2 (loser) 
              
              
flava (
red | 79 APM | 1967 actions | 24:57)
              
 4 Keeper of the Grove 
 2 Entangling Roots
 2 Thorns Aura
 4 Naga Sea Witch 
 2 Frost Arrows
 2 Forked Lightning
 
                » actions 
                
                | Assign group hotkey | 32 |  | 
| Build / train | 63 |  | 
| ESC pressed | 7 |  | 
| Enter build submenu | 16 |  | 
| Enter hero's abilities submenu | 9 |  | 
| Give item / drop item | 1 |  | 
| Right click | 871 |  | 
| Select / deselect | 428 |  | 
| Select group hotkey | 421 |  | 
| Use ability | 118 |  | 
                1967 total
 » units 
                
                | Wisp | 15 |  | 
| Huntress | 5 |  | 
| Dryad | 14 |  | 
| Archer | 9 |  | 
| Hippogryph | 5 |  | 
                48 total
 » upgrades
                » buildings
                
                | Altar of Elders | 2 |  | 
| Moon Well | 5 |  | 
| Hunter's Hall | 1 |  | 
| Ancient of War | 2 |  | 
| Tree of Ages | 1 |  | 
| Ancient of Lore | 1 |  | 
| Tree of Life | 2 |  | 
| Ancient of Wonders | 1 |  | 
| Ancient of Wind | 1 |  | 
                16 total
 » build order
                00:07 Altar of Elders
00:21 Moon Well
01:51 Hunter's Hall
01:56 Ancient of War
01:58 Ancient of War
02:09 Moon Well
02:28 Moon Well
03:53 Tree of Ages
05:40 Moon Well
08:36 Ancient of Lore
08:57 Tree of Life
09:11 Ancient of Wonders
12:01 Tree of Life
16:08 Ancient of Wind
16:14 Moon Well
23:36 Altar of Elders
» items
                
                | Scroll of Town Portal | 2 |  | 
| Potion of Healing | 1 |  | 
                3 total
  
               
              
              
LoStApocalypse (
teal | 80 APM | 1996 actions | 24:54)
              
 3 Demon Hunter 
 2 Mana Burn
 1 Evasion
 4 Pandaren Brewmaster 
 2 Breath of Fire
 2 Drunken Haze
 
                » actions 
                
                | Assign group hotkey | 33 |  | 
| Basic commands | 216 |  | 
| Build / train | 57 |  | 
| Enter build submenu | 18 |  | 
| Enter hero's abilities submenu | 8 |  | 
| Give item / drop item | 1 |  | 
| Right click | 788 |  | 
| Select / deselect | 399 |  | 
| Select group hotkey | 336 |  | 
| Use ability | 139 |  | 
                1996 total
 » units 
                
                | Wisp | 20 |  | 
| Druid of the Claw | 8 |  | 
| Dryad | 7 |  | 
| Druid of the Talon | 3 |  | 
| Chimaera | 1 |  | 
                39 total
 » upgrades
                
                | Druid of the Claw Training | 2 |  | 
| Abolish Magic | 1 |  | 
| Druid of the Talon Training | 2 |  | 
                5 total
 » buildings
                
                | Altar of Elders | 1 |  | 
| Moon Well | 7 |  | 
| Hunter's Hall | 1 |  | 
| Tree of Ages | 1 |  | 
| Tree of Eternity | 1 |  | 
| Ancient of Lore | 2 |  | 
| Tree of Life | 2 |  | 
| Ancient of Wind | 1 |  | 
| Chimaera Roost | 1 |  | 
| Ancient Protector | 2 |  | 
                19 total
 » build order
                00:20 Altar of Elders
00:34 Moon Well
01:09 Hunter's Hall
01:34 Moon Well
01:54 Moon Well
03:12 Tree of Ages
05:33 Tree of Eternity
05:36 Ancient of Lore
05:38 Ancient of Lore
06:26 Moon Well
07:35 Moon Well
08:36 Moon Well
10:25 Tree of Life
11:42 Ancient of Wind
17:41 Moon Well
20:20 Chimaera Roost
22:45 Tree of Life
22:48 Ancient Protector
22:50 Ancient Protector
» items
                 
                Chat log
          (00:07 / Allies) nooobkiller: 2 ne
(00:11 / Allies) thelaghotel: foots
(00:12 / Allies) thelaghotel: mort
(00:13 / Allies) thelaghotel: for me
(00:17 / All) LoStApocalypse: what is a nooob nowadays?
(00:17 / All) flava: OH SH!T DA NOOB SLAYA
(00:28 / All) LoStApocalypse: like
(00:34 / All) thelaghotel: please show good manner?
(00:38 / All) flava: DAWG YOU DA GUY DEY LOOKIN FO
(00:39 / All) LoStApocalypse: shouldnt you kill yourself?
(00:43 / All) flava: LOSTAPOC
(00:45 / All) flava: DIS DA GUY
(00:54 / All) flava: I TOLD YOU BOUT HIM
(00:56 / All) LoStApocalypse: why should we be good mannered when you guys suck?
(00:58 / All) flava: ALL DA NOOBS
(00:59 / All) LoStApocalypse: werd?
(01:05 / All) thelaghotel: bad manner?
(01:06 / All) flava: HOLY SH!T
(01:07 / All) thelaghotel: why bad manner
(01:12 / All) LoStApocalypse: why not?
(01:14 / All) nooobkiller: lmao
(01:18 / All) flava: SHIIIIIIIIIIT
(01:19 / All) thelaghotel: please show good manner
(01:20 / All) thelaghotel: gl hf
(01:21 / All) flava: NOOB SLAYA
(01:24 / All) LoStApocalypse: sounded liek a good idea at the time
(01:26 / All) LoStApocalypse: Gl gg
(01:27 / All) flava: STAY AWAY
(01:45 / Allies) nooobkiller: scout plz
(01:51 / Allies) thelaghotel: relax
(01:54 / Allies) thelaghotel: lets tower these nubs
(01:56 / Allies) thelaghotel: im feeling confident
(01:58 / Allies) nooobkiller: lmao
(02:00 / Allies) nooobkiller: ok
(02:01 / Allies) thelaghotel: i'm going am
(02:03 / Allies) thelaghotel: bm
(02:04 / Allies) thelaghotel: dual summon
(02:06 / Allies) nooobkiller: then i will not upgrade my base
(02:07 / Allies) thelaghotel: w/ ivory
(02:14 / Allies) nooobkiller: or not?
(02:15 / Allies) thelaghotel: no upgrade
(02:17 / Allies) thelaghotel: for lich
(02:28 / Allies) thelaghotel: incase it fails
(03:44 / Allies) thelaghotel: this could be  mass
(03:46 / Allies) thelaghotel: fyi
(03:51 / Allies) nooobkiller: yeah
(03:57 / Allies) thelaghotel: dbl hunt rush me
(04:00 / Allies) thelaghotel: who knows
(04:36 / Allies) nooobkiller: omw
(04:52 / Allies) thelaghotel: im k
(06:20 / Allies) thelaghotel: get a bm
(06:21 / Allies) thelaghotel: too
(06:22 / Allies) thelaghotel: lol
(06:24 / Allies) thelaghotel: dual quill beast
(06:26 / Allies) thelaghotel: and press
(07:21 / All) thelaghotel: mh
(07:21 / All) thelaghotel: wow
(07:24 / All) LoStApocalypse: ?
(07:30 / Allies) thelaghotel: wak eup
(08:24 / Allies) nooobkiller: we lose
(08:26 / Allies) thelaghotel: u sucking
(08:37 / Allies) nooobkiller: me?
(08:49 / Allies) nooobkiller: sry
(09:01 / Allies) thelaghotel: were fine
(09:03 / Allies) thelaghotel: just have to press soon
(09:34 / Allies) nooobkiller: why did you want to tower?
(10:34 / Allies) nooobkiller: nice hm
(10:37 / All) LoStApocalypse: NICE MH
(11:01 / Allies) thelaghotel: wasted 2 tps
(11:01 / Allies) thelaghotel: for 1
(11:02 / Allies) thelaghotel: hehe
(12:21 / Allies) thelaghotel: 100 lumb
(12:21 / Allies) thelaghotel: plz
(12:23 / Allies) thelaghotel: for my attack
(12:38 / Allies) thelaghotel: going to blow into his trees
(12:40 / Allies) thelaghotel: and siege him
(12:41 / Allies) thelaghotel: lol
(12:55 / Allies) thelaghotel: ugh 
(12:56 / Allies) thelaghotel: tping
(12:56 / Allies) thelaghotel: k
(13:54 / Allies) thelaghotel: b
(13:55 / Allies) thelaghotel: stay b
(13:56 / Allies) thelaghotel: wtf
(15:53 / Allies) thelaghotel: going to siege him
(15:54 / Allies) thelaghotel: soon
(16:26 / Allies) thelaghotel: expo
(16:26 / Allies) thelaghotel: first
(16:28 / Allies) nooobkiller: where
(17:26 / Allies) thelaghotel: mass ur zigs
(17:27 / Allies) thelaghotel: trust me
(17:41 / Allies) thelaghotel: going to kill his tree
(17:43 / Allies) thelaghotel: from here
(17:45 / Allies) thelaghotel: nothing he can do
(18:05 / Allies) thelaghotel: lol
(18:09 / Allies) thelaghotel: lolol
(18:18 / Allies) nooobkiller: b
(18:39 / All) thelaghotel: such mh
(18:41 / All) thelaghotel: seriously
(18:43 / All) thelaghotel: sending this replay in
(18:43 / All) LoStApocalypse: ?
(18:44 / All) flava: lol...
(18:45 / All) thelaghotel: change ur ips
(18:45 / All) thelaghotel: for ban
(18:46 / All) flava: pls.
(18:48 / All) LoStApocalypse: ty?
(18:54 / All) flava: Watch replay pls.
(19:09 / Allies) nooobkiller: i tp?
(19:11 / Allies) thelaghotel: yea
(19:38 / Allies) nooobkiller: fight
(19:41 / Allies) thelaghotel: 1 sec
(19:48 / Allies) thelaghotel: omg
(19:50 / Allies) thelaghotel: ur blocking me
(19:51 / Allies) thelaghotel: i just wan ttp
(20:01 / Allies) thelaghotel: k
(20:02 / Allies) thelaghotel: lets hit
(20:02 / Allies) thelaghotel: stop
(20:04 / Allies) thelaghotel: blocking
(20:08 / Allies) thelaghotel: get outta base
(20:09 / Allies) thelaghotel: its cramp
(21:15 / All) nooobkiller: lol
(22:21 / Allies) nooobkiller: exp?
(22:34 / Allies) nooobkiller: need to kill
(22:36 / Allies) thelaghotel: omw
(22:39 / Allies) thelaghotel: go
(22:40 / Allies) thelaghotel: than
(24:09 / Allies) nooobkiller: kill here
(24:31 / Allies) thelaghotel: stay together
(24:31 / Allies) thelaghotel: kl
(24:36 / Allies) thelaghotel: save
(24:37 / Allies) thelaghotel: morts
(24:38 / Allies) thelaghotel: wtf
(24:53 / All) LoStApocalypse: Gg\
(24:56 / All) thelaghotel: nubs